Helga, lawful female dwarven Valkyrie ---------- |........| ....<..[.| -----.---- # ------------- # |`.........`| # |.....`.....| # |...-----...| # # |...|...|...| # # #|..`|{...`..| # ###################|...|.{.|...| -|------------ #-.---------- ##....-----...| ##+............| #|..........| ##|.....`.....| # # |............| ------ #|..........| ###|`.........`|###%#%##...n@...>....| |.... #|..........|# # #-------------# # |....*.......| |...*| #|...........#################%#``#### ......*......| |.....#####------------ -------------- ------ Helga the Skirmisher Experience level: 4 Strength: 17 Dexterity: 12 Constitution: 20 Intelligence: 10 Wisdom: 10 Charisma: 7 Health: 0(59) Energy: 4(4) Def: 4 Gold: 0 Moves: 1784 Dungeon seed: Pr7-sA8L_nDC6kPm Game ID: Helga_1544464994 Your Inventory: Weapons b - a +0 dagger Armor e - an uncursed +3 small shield (being worn) Comestibles c - 2 uncursed food rations h - an uncursed eucalyptus leaf Scrolls g - an uncursed scroll of blank paper Gems q - an uncursed amber stone Spells and supernatural/magical abilities: Name Level Category Fail Memory W - pray for help -- divine ? -- Your skills at the end: Fighting Skills Weapon Skills dagger [Basic] long sword [Basic] Spellcasting Skills Final Attributes: You were piously aligned. You were cold resistant. You had infravision. You were stealthy. You are dead. Vanquished creatures: a straw golem a kitten 3 orc zombies 3 iguanas a gas spore a cave spider a brown mold a red mold 5 jackals 2 foxes a kobold 2 goblins 3 grid bugs a lichen 7 newts 33 creatures vanquished. Voluntary challenges: You were an atheist. You used a wielded weapon 47 times, starting on turn 133. You were illiterate. You never genocided any monsters. You never polymorphed an object. You never changed form. You used no wishes. You never split a pudding. You never wrote Elbereth's name. You never violated your personal moral code. Dungeon overview: The Dungeons of Doom: levels 1 to 5 Level 1 a long staircase Level 2 Level 3 stairs to The Gnomish Mines Level 4 a hardware shop, a sink Level 5 <- You were here some fountains The Gnomish Mines: Level 4 stairs to The Dungeons of Doom History has recorded: On T:1 you entered the Dungeons of Doom to retrieve the Amulet of Yendor! On T:249 you reached level 2 of The Dungeons of Doom. On T:659 you advanced to experience level 2. On T:680 you reached level 3 of The Dungeons of Doom. On T:785 you reached level 1 of The Gnomish Mines. On T:1024 you reached level 4 of The Dungeons of Doom. On T:1239 you advanced to experience level 3. On T:1476 you reached level 5 of The Dungeons of Doom. On T:1546 you advanced to experience level 4. Score breakdown: Gold: 0 ( 0 points) Experience: 4 levels ( 9649 points) Exploration: 5 levels ( 10.00%) ( 8571 points) Discoveries: 3 items ( 1.22%) ( 3312 points) Valuables value: (no points given unless you survive) Artifact value: 0 ( 0 points) Variety of kills: 15 monsters ( 3.94%) ( 5952 points) Turncount: 1784 turns ( 0 points) Survival: died (score multiplied by 80%) Total score: 21987 Latest messages: You see here a kobold corpse. The orc zombie misses. You hit the orc zombie! You miss the orc zombie. The orc zombie misses. You miss the orc zombie. The orc zombie hits! You destroy the orc zombie! You miss the water nymph. The water nymph charms you. You gladly start removing your armor. She stole a +0 chain mail. The water nymph pretends to be friendly. The water nymph stole an aluminum wand. The water nymph stole a cursed thoroughly rusty +1 long sword. The water nymph zaps an aluminum wand! The bolt of fire hits you! The water nymph zaps a wand of fire! The bolt of fire hits you! The bolt of fire bounces! The water nymph zaps a wand of fire! The bolt of fire hits you! You die... Final status: Farvel Helga the Valkyrie, killed by a bolt of fire, while taking off clothes... You died in The Dungeons of Doom on dungeon level 5 with 21987 points, and 0 pieces of gold, after 1784 moves. You were level 4 with a maximum of 59 hit points when you died.